Map: Luxuriance EC (Void)

Players

JON

  • Race: Protoss Protoss
  • League: Diamond
  • Spawn Location: 1:00

Onigami - Winner!

  • Race: Terran Terran
  • League: Diamond
  • Spawn Location: 7:00

VOD

Have the link to the VOD?

Description

Time

  • Played on: Dec. 11, 2016, 2:18 a.m.
  • Length: 8:03
Show
View Real Time Build Order
Export as new Build Order

JON Protoss 

Build Orders: 1 Gate Expand, Zealot Archon 

Get SALT Encoding   

  12  0:01  Probe (Chrono Boost)  
  13  0:12  Probe (Chrono Boost)  
  14  0:18  Pylon  
  14  0:24  Probe (Chrono Boost)  
  15  0:37  Gateway, Probe (Chrono Boost)  
  16  0:46  Assimilator  
  16  0:47  Probe (Chrono Boost)  
  17  0:58  Probe (Chrono Boost)  
  18  1:12  Probe (Chrono Boost)  
  19  1:23  Probe (Chrono Boost)  
  19  1:24  Nexus  
  20  1:33  Cybernetics Core  
  20  1:37  Probe (Chrono Boost)  
  21  1:44  Assimilator  
  21  1:47  Probe (Chrono Boost)  
  21  1:52  Pylon  
  22  2:00  Probe (Chrono Boost)  
  23  2:11  Mothership Core (Chrono Boost)  
  23  2:13  Stalker  
  27  2:21  Warp Gate  
  27  2:29  Pylon  
  28  2:30  Probe (Chrono Boost)  
  28  2:37  Probe (Chrono Boost)  
  28  2:40  Probe (Chrono Boost)  
  30  2:48  Probe (Chrono Boost)  
  30  2:50  Adept  
  30  2:51  Probe (Chrono Boost)  
  34  2:57  Robotics Facility  
  35  2:58  Probe (Chrono Boost)  
  35  3:02  Probe (Chrono Boost)  
  36  3:08  Gateway  
  36  3:13  Gateway  
  36  3:15  Probe (Chrono Boost)  
  36  3:18  Probe (Chrono Boost)  
  38  3:23  Pylon  
  38  3:30  Adept  
  40  3:44  Probe (Chrono Boost)  
  40  3:45  Probe (Chrono Boost)  
  40  3:46  Observer (Chrono Boost)  
  43  3:54  Probe  
  43  3:56  Stalker, Probe  
  43  4:01  Adept  
  49  4:04  Probe  
  49  4:08  Probe  
  49  4:09  Immortal (Chrono Boost)  
  55  4:15  Probe  
  56  4:20  Pylon  
  56  4:21  Probe, Pylon  
  56  4:24  Assimilator  
  57  4:28  Assimilator  
  57  4:34  Stalker  
  59  4:41  Probe  
  59  4:42  Probe  
  59  4:43  Observer (Chrono Boost)  
  62  4:48  Twilight Council  
  62  4:51  Probe  
  62  4:54  Probe  
  62  4:59  Adept x2  
  68  5:00  Adept  
  68  5:02  Probe  
  68  5:06  Probe  
  72  5:13  Nexus  
  72  5:26  Templar Archives  
  72  5:28  Adept x3  
  74  5:32  Pylon  
  78  5:36  Pylon  
  78  5:38  Pylon  
  78  5:42  Pylon  
  78  5:49  Probe  
  78  5:51  Probe, Psionic Storm  
  80  6:02  Gateway  
  80  6:03  Gateway  
  80  6:04  High Templar x2  
  80  6:07  High Templar  
  80  6:08  Probe  
  80  6:09  Probe  
  88  6:18  Probe, Archon  
  88  6:21  Assimilator, Probe  
  90  6:26  Assimilator  
  90  6:27  Pylon  
  90  6:30  Pylon  
  90  6:37  Pylon  
  90  6:38  High Templar x2  
  94  6:57  Gateway  
  94  6:58  Gateway  
  94  7:03  High Templar x2  
  94  7:04  Probe (Chrono Boost)  
  94  7:05  Probe (Chrono Boost)  
  94  7:06  Probe (Chrono Boost)  
  101  7:11  Forge  
  101  7:14  Forge  
  101  7:17  Gateway, Probe x2 (Chrono Boost)  
  101  7:18  Probe (Chrono Boost)  
  104  7:23  Gateway  
  104  7:28  Probe (Chrono Boost)  
  76  7:47  Zealot x3  
  76  7:48  Zealot x2  
Show
View Real Time Build Order
Export as new Build Order

Onigami Terran - Winner!

Build Orders: Reaper Expand 

Get SALT Encoding   

  12  0:02  SCV  
  13  0:14  SCV  
  13  0:19  Supply Depot  
  14  0:26  SCV  
  15  0:40  SCV  
  15  0:42  Barracks  
  16  0:45  Refinery  
  16  0:53  SCV  
  17  1:05  SCV  
  18  1:17  SCV  
  19  1:29  Orbital Command  
  19  1:34  Reaper  
  20  1:47  Command Center  
  20  1:55  Supply Depot  
  20  1:56  SCV  
  21  2:06  Barracks Reactor  
  21  2:09  SCV  
  22  2:22  SCV  
  23  2:26  Command Center  
  23  2:34  SCV  
  24  2:45  Marine x2  
  24  2:47  Factory  
  24  2:48  Refinery, SCV  
  27  3:00  Orbital Command  
  27  3:03  SCV, Marine x2  
  30  3:15  SCV  
  31  3:21  Marine x2  
  34  3:27  SCV x2  
  35  3:38  Marine  
  35  3:39  Marine  
  37  3:43  Orbital Command  
  37  3:44  Factory Tech Lab  
  37  3:45  SCV x2  
  37  3:46  Barracks  
  38  3:56  Marine x2  
  38  3:57  SCV  
  38  3:59  SCV  
  42  4:08  SCV  
  42  4:09  SCV  
  44  4:10  Starport  
  44  4:11  Factory Reactor  
  44  4:14  SCV  
  44  4:16  Marine x2  
  47  4:20  SCV  
  47  4:21  SCV  
  49  4:24  Refinery x2, Engineering Bay  
  49  4:27  Supply Depot  
  49  4:28  SCV  
  50  4:32  SCV  
  50  4:34  Marine x2  
  53  4:42  Stimpack  
  53  4:43  Supply Depot, Marauder  
  53  4:44  SCV  
  56  4:48  SCV  
  56  4:49  SCV  
  56  4:50  Supply Depot  
  58  4:57  SCV  
  58  4:58  Medivac x2  
  63  5:00  SCV  
  63  5:01  Factory Reactor, Marine x2  
  63  5:02  SCV  
  67  5:07  Supply Depot  
  67  5:13  Supply Depot  
  67  5:20  SCV  
  67  5:21  SCV, Marauder  
  71  5:25  Barracks  
  71  5:26  Barracks, Terran Infantry Weapons Level 1  
  71  5:28  Medivac x2, Orbital Command  
  75  5:36  Marine x2  
  75  5:41  SCV x2  
  81  5:43  Marauder  
  81  5:44  Supply Depot  
  81  5:45  Supply Depot x2  
  81  5:46  Widow Mine  
  81  5:47  Liberator x2, Widow Mine  
  85  5:53  SCV  
  85  5:55  SCV x2  
  91  6:05  SCV  
  91  6:07  Marine x3  
  98  6:12  SCV x2  
  98  6:14  Barracks Tech Lab  
  98  6:15  Barracks Reactor  
  98  6:17  SCV  
  101  6:21  Supply Depot  
  101  6:24  SCV x2, Supply Depot  
  103  6:29  SCV, Marauder, Marine x2  
  108  6:36  SCV x2  
  110  6:41  SCV  
  110  6:43  Widow Mine  
  110  6:44  Widow Mine  
  110  6:45  Ghost Academy  
  115  6:48  SCV, Concussive Shells  
  115  6:49  Marauder, Marine x2  
  115  6:51  SCV  
  121  6:57  Refinery x2  
  123  7:08  Marauder, Marine x3  
  125  7:09  Command Center, Marine  
  125  7:11  Marauder  
  125  7:14  Barracks  
  129  7:16  Barracks  
  105  7:44  Marine  
  105  7:45  Marine x4  
  118  8:02  Starport  
Tags
 
Add a new tag
Caveats
  • Supply blocks, unpowered buildings, or Contaminate may cause inaccurate times.
  • Supply counts are checked every 10 seconds.